 Dungeon Sprint DCSS version 0.28.0-53-g5a82cb258f (webtiles) character file.

Game seed: 7747887808623635458

1476 Zeld the Fighter (level 8, -4/129 HPs)
             Began as a Minotaur Berserker on June 4, 2022.
             Was an Elder of Trog.
             Slain by a demonic crawler (8 damage)
             ... in the Dungeon (Sprint I: "Red Sonja").
             The game lasted 00:00:47 (1119 turns).

Zeld the Fighter (Minotaur Berserker)               Turns: 1119, Time: 00:00:48

Health: -4/129     AC:  2    Str: 23    XL:     8   Next: 49%
Magic:  7/7        EV: 15    Int:  4    God:    Trog [****..]
Gold:   420        SH:  0    Dex: 11    Spells: 7/7 levels left

rFire   . . .      SeeInvis .   a - +0 hand axe
rCold   . . .      Faith    .   (no shield)
rNeg    . . .      Spirit   .   b - +0 animal skin
rPois   .          Reflect  .   (helmet restricted)
rElec   .          Harm     .   (no cloak)
rCorr   .          Rampage  .   (no gloves)
Will    ++...      NoTele   +   (no boots)
Stlth   ..........              (no amulet)
HPRegen 1.31/turn               (no ring)
MPRegen 0.10/turn               (no ring)

@: berserking, strong-willed, regenerating, very quick
A: horns 2, retaliatory headbutt
a: Renounce Religion, Berserk, Trog's Hand, Brothers in Arms


You were in the Dungeon.
You worshipped Trog.
Trog was greatly pleased with you.
You visited 1 branch You collected 420 gold pieces.

Inventory:

Hand Weapons
 a - a +0 hand axe (weapon)
Armour
 b - a +0 animal skin (worn)
Wands
 i - a wand of flame (27)
Scrolls
 h - a scroll of blinking
Potions
 c - a potion of curing
 d - a potion of heal wounds
 e - a potion of haste
 f - 2 potions of magic
 g - a potion of berserk rage


   Skills:
 * Level 13.6 Fighting
 * Level 13.5 Axes
 + Level 9.6 Armour
 + Level 8.8 Dodging


You had 7 spell levels left.
You didn't know any spells.
Your spell library was empty.

Dungeon Overview and Level Annotations

Branches:
Dungeon (1/1)

Altars:
Cheibriados
Dithmenos
Elyvilon
Fedhas
Gozag
Hepliaklqana
Kikubaaqudgha
Makhleb
Nemelex Xobeh
Okawaru
Qazlal
Ru
Sif Muna
Trog
Uskayaw
Vehumet
Wu Jian
Xom
Yredelemnul
Zin
The Shining One
Jiyva
Lugonu

Shops:
D (


Innate Abilities, Weirdness & Mutations

You have a pair of horns on your head.
You reflexively headbutt those who attack you in melee.


Message History

The demonic crawler barely misses you.
The demonic crawler hits you but does no damage.
A gargoyle comes into view. It is wielding a +0 mace.
Unknown command.
You hit the demonic crawler but do no damage.
The demonic crawler is heavily wounded.
You hit the demonic crawler. The demonic crawler hits you!
* * * LOW HITPOINT WARNING * * *
The demonic crawler closely misses you. The demonic crawler hits you.
* * * LOW HITPOINT WARNING * * *
The demonic crawler hits you but does no damage. x2
The demonic crawler hits you!
* * * LOW HITPOINT WARNING * * *
You barely miss the demonic crawler. You headbutt the demonic crawler!
The demonic crawler is severely wounded.
You hit the demonic crawler.
The demonic crawler shrieks in warning!
You hear an angry buzzing noise.
Unknown command.
You slash the demonic crawler! You headbutt the demonic crawler.
You feel the power of Trog in you as your rage grows.
You kill the demonic crawler!
Trog accepts your kill.
You can now call in reinforcements.
You hit the demonic crawler but do no damage.
The demonic crawler hits you.
* * * LOW HITPOINT WARNING * * *
The demonic crawler completely misses you.
The demonic crawler misses you.
You hit the demonic crawler. You headbutt the demonic crawler.
The demonic crawler is heavily wounded.
You hit the demonic crawler.
Unknown command.
You barely miss the demonic crawler. You headbutt the demonic crawler!
The demonic crawler is severely wounded.
You barely miss the demonic crawler.
The demonic crawler hits you but does no damage.
The demonic crawler hits you!
* * * LOW HITPOINT WARNING * * *
The demonic crawler hits you!
You die...

##################
.#..'..#__#..'...#
.').#..'..'..#).s##+#
'#####'#__####..@ss9#
.#...#.#### #####..+
##..##(# ## _##'#_.+
..†..._# _##_.#'#
_###+#)# ## ###


You could see 3 demonic crawlers and a gargoyle.

Vanquished Creatures
  2 kobold demonologists (D)
  A demonic crawler (D)
  A slime creature (D)
  Sigmund (D)
  A yak (D)
  A floating eye (D)
  An ogre (D)
  A jelly (D)
  Ijyb (D)
10 creatures vanquished.

Notes
Turn   | Place    | Note
-------+----------+-------------------------------------------
     0 | D        | Zeld the Minotaur Berserker began the quest for the Orb.
     0 | D        | Reached XP level 1. HP: 19/19 MP: 0/0
     2 | D        | Noticed Ijyb
     8 | D        | Killed Ijyb
     9 | D        | Reached skill level 5 in Fighting
     9 | D        | Reached skill level 5 in Axes
     9 | D        | Reached XP level 2. HP: 25/29 MP: 1/1
   223 | D        | Noticed an ogre
   226 | D        | Killed an ogre
   227 | D        | Reached skill level 5 in Armour
   227 | D        | Reached XP level 3. HP: 39/39 MP: 2/2
   227 | D        | Reached XP level 4. HP: 47/47 MP: 3/3
   316 | D        | Noticed Sigmund
   323 | D        | Killed Sigmund
   323 | D        | Reached ** piety under Trog
   324 | D        | Reached skill level 5 in Dodging
   324 | D        | Reached XP level 5. HP: 57/57 MP: 4/4
   395 | D        | Found an ornate altar of the Wu Jian Council.
   395 | D        | Found a shimmering blue altar of Sif Muna.
   397 | D        | Found a radiant altar of Vehumet.
   402 | D        | Reached XP level 6. HP: 47/64 MP: 5/5
   511 | D        | Found Anlel's Antique Weapon Emporium.
   511 | D        | Found an ancient bone altar of Kikubaaqudgha.
   511 | D        | Found a hazy altar of Hepliaklqana.
   511 | D        | Found a stormy altar of Qazlal.
   511 | D        | Found a hide-covered altar of Uskayaw.
   511 | D        | Found a blossoming altar of Fedhas.
   511 | D        | Found a bloodstained altar of Trog.
   511 | D        | Found an iron altar of Okawaru.
   511 | D        | Found a basalt altar of Yredelemnul.
   511 | D        | Found a glowing golden altar of the Shining One.
   511 | D        | Found a snail-covered altar of Cheibriados.
   511 | D        | Found a sacrificial altar of Ru.
   511 | D        | Found a glowing silver altar of Zin.
   511 | D        | Found a shadowy altar of Dithmenos.
   511 | D        | Found a white marble altar of Elyvilon.
   511 | D        | Noticed a yak
   519 | D        | Killed a yak
   520 | D        | Reached skill level 10 in Fighting
   520 | D        | Reached skill level 10 in Axes
   520 | D        | Found an opulent altar of Gozag.
   521 | D        | Found a sparkling altar of Nemelex Xobeh.
   578 | D        | Found a burning altar of Makhleb.
   578 | D        | Found a viscous altar of Jiyva.
   578 | D        | Found a shimmering altar of Xom.
   578 | D        | Found a corrupted altar of Lugonu.
   578 | D        | Noticed a slime creature
   587 | D        | Killed a slime creature
   588 | D        | Reached XP level 7. HP: 34/74 MP: 6/6
   820 | D        | Noticed a kobold demonologist
   820 | D        | Noticed a kobold demonologist
   823 | D        | Noticed a chaos spawn
   831 | D        | Killed a kobold demonologist
   831 | D        | Reached *** piety under Trog
   839 | D        | Noticed a rust devil
   842 | D        | Killed a kobold demonologist
   843 | D        | Reached XP level 8. HP: 76/86 MP: 7/7
  1107 | D        | Noticed a demonic crawler
  1107 | D        | Noticed a demonic crawler
  1107 | D        | Noticed a demonic crawler
  1107 | D        | Noticed a demonic crawler
  1114 | D        | Noticed a gargoyle
  1117 | D        | Killed a demonic crawler
  1117 | D        | Reached **** piety under Trog
  1119 | D        | HP: 4/129 [demonic crawler (14)]
  1119 | D        | Slain by a demonic crawler

Illustrated notes

Levels and vault maps discovered:
D:        dungeon_sprint_1 [red_sonja_temple_1, red_sonja_temple_small_1]

Skill      XL: |  1  2  3  4  5  6  7 |
---------------+----------------------+-----
Fighting       | 5 7 9 11 13 | 13.6
Axes           | 5 7 9 11 13 | 13.5
Armour         | 3 5 6 8 9 |  9.6
Dodging        | 3 4 5 6 7 8 |  8.8

Action                   |  1- 3 |  4- 6 |  7- 9 || total
-------------------------+-------+-------+-------++-------
Melee: Hand axe          |     6 |    21 |    30 ||    57
       Headbutt          |     1 |     4 |    12 ||    17
       Punch             |       |     1 |       ||     1
Invok: Berserk           |     2 |     3 |     2 ||     7
       Trog's Hand       |       |       |     1 ||     1
Armor: Animal skin       |       |     1 |     8 ||     9
Dodge: Dodged            |     3 |     4 |    13 ||    20
